Description

Yeat another Cheese for Zerg, early Zerglings and early Speed into banelings with a backup expension, if you opponents defend well enough. BTW: beta Key: CZNYBB-R4ZV-KEXDR6-4EYX-BXMZ9F (grab it while its hot!)

Build Order

Get SALT Encoding   

  13  0:24  Spawning Pool  
  13  0:30  Extractor  
  14  0:42  Extractor  Extractor Trick: Build gas, build a drone and then Cancel the Gas to have 15/14 Supply
  15  0:52  Overlord  
  15  1:12  Zergling x4, Queen  
  21  1:30  Metabolic Boost  Once you got 100 gas get Zergling Speed
  22  1:35  Zergling  
  22  1:50  Baneling Nest  with you next 50 Gas get a Baneling Nest and Pull One drone off Gas!
  22  2:30  Hatchery  
Spawning Tool Build Advisor. Get it on Overwolf

Analysis

A variation is to skip the Extractor-Trick to have one more Zergling at the beginning. Just do the Damage you can do and Transition with Droning you second base a bit, buildd a spine and a second and third Gas, get Lair, Roach warren and an Evo to play a normal Roach Midgame. Some notes: - Dont let you Zerglings fight straight up agaisnt Drones, try to fight them in a choke and dont loose them, only take cost efficant engatments. - With you expo you could start Droning, if your opponents has static defense on.

Go to:

Details

  • Created by: DERASTAT
  • Published on: Oct 04, 2015
  • Modified on: Oct 06, 2015
  • Patch: Pre-3.8.0
Show
View Real Time Build Order
Export as new Build Order

Comments (0)

There are no comments. Be the first!

Create an account to comment!